 Dungeon Crawl Stone Soup version 0.22.0-49-gab54619 (webtiles) character file.

204 Marcoleric the Covert (level 5, 0/35 HPs)
             Began as an Octopode Assassin on Sept 6, 2018.
             Slain by an orc wizard
             ... wielding a +0 dagger
              (4 damage)
             ... on level 5 of the Dungeon.
             The game lasted 00:15:23 (2627 turns).

Marcoleric the Covert (Octopode Assassin)           Turns: 2627, Time: 00:15:23

Health: 0/35       AC:  1    Str: 10    XL:     5   Next: 82%
Magic:  5/5        EV: 13    Int: 13    God:
Gold:   73         SH:  0    Dex: 15    Spells: 4/4 levels left

rFire    . . .     SeeInvis .   a - +2 dagger
rCold    . . .     Gourm    .   (no shield)
rNeg     . . .     Faith    .   (helmet restricted)
rPois    .         Spirit   .   (no amulet)
rElec    .         Reflect  .   (no ring)
rCorr    .         Harm     .   (no ring)
MR       .....                  (no ring)
Stlth    +++++.....             (no ring)
HPRegen  0.11/turn              (no ring)
MPRegen  0.09/turn              (no ring)
                                (no ring)
                                (no ring)

@: no status effects
A: almost no armour, stealthy swim, amphibious, 8 rings, constrict 8, camouflage
1, gelatinous body 1
a: no special abilities


You were on level 5 of the Dungeon.
You were not hungry.

You visited 1 branch of the dungeon, and saw 5 of its levels.

You collected 73 gold pieces.

Inventory:

Hand Weapons
 a - a +2 dagger (weapon)
 b - a +3 blowgun
Missiles
 c - 25 poisoned needles
 d - 2 curare-tipped needles
Jewellery
 m - a cursed ring of teleportation {unknown}
 n - an uncursed ring of protection from cold {unknown}
Scrolls
 e - 2 scrolls of amnesia
 i - a scroll of immolation
 k - a scroll of fog
 l - a scroll of random uselessness
 o - a scroll of fear {unknown}
 p - a scroll of magic mapping {unknown}
Potions
 g - a potion of lignification
 h - a potion of curing
 q - a potion of haste {unknown}
Comestibles
 f - 2 rations


   Skills:
 + Level 2.3 Fighting
 + Level 2.6 Short Blades
 + Level 2.4 Throwing
 + Level 1.3 Dodging
 * Level 8.5 Stealth


You had 4 spell levels left.
You didn't know any spells.
Your spell library was empty.

Dungeon Overview and Level Annotations

Branches:
Dungeon (5/15)
 Temple: D:4-7

Altars:
Qazlal

Annotations:
D:4 Edmund, Menkaure


Innate Abilities, Weirdness & Mutations

You cannot wear most types of armour.
You are very stealthy in the water. (Stealth+)
You are amphibious.
You can wear up to eight rings at the same time.
You can use your tentacles to constrict eight enemies at once.
Your skin changes colour to match your surroundings (Stealth+).
Your rubbery body absorbs attacks. (AC +1, EV +1)


Message History

Edmund convulses!
An orc comes into view.
Menkaure casts a spell.
Menkaure seems to speed up.
An orc comes into view.
The orc wizard gestures wildly while chanting.
The orc wizard blinks!
There is a stone staircase leading down here.
The orc wizard casts a spell.
The orc wizard seems to speed up.
You climb downwards.
You hear the sound of rushing water.
There is an entrance to a sewer on this level.
Hurry and find it before the
Found a ration and 29 stones.
There is a stone staircase leading up here.
You hit the orc wizard. Your grab misses the orc wizard.
Your squeeze misses the orc wizard.
The orc wizard is lightly wounded.
The orc wizard hits you with a dagger.
You die...

.#########
.........#
..(......#
...%...o.######
.......@.......
###############


You could see an orc wizard.

Vanquished Creatures
  A hound (D:4)
  An iguana (D:4)
  Natasha (D:2)
  A worker ant (D:4)
  2 adders
  3 oozes
  A worm (D:3)
  3 dart slugs
  4 leopard geckos
  An orc (D:3)
  10 hobgoblins
  5 jackals (D:1)
  2 kobolds (D:3)
  2 ball pythons
  6 bats
  3 frilled lizards
  8 goblins
  2 rats
56 creatures vanquished.

Notes
Turn   | Place    | Note
-------+----------+-------------------------------------------
     0 | D:1      | Marcoleric the Octopode Assassin began the quest for the
                  | Orb.
     0 | D:1      | Reached XP level 1. HP: 14/14 MP: 1/1
   113 | D:1      | Reached XP level 2. HP: 16/19 MP: 2/2
   247 | D:1      | Reached skill level 6 in Stealth
   288 | D:1      | Reached XP level 3. HP: 14/24 MP: 3/3
  1251 | D:2      | Reached skill level 7 in Stealth
  1320 | D:2      | Reached XP level 4. HP: 29/29 MP: 4/4
  1437 | D:2      | Noticed Natasha
  1442 | D:2      | Killed Natasha
  1661 | D:3      | Noticed a water elemental
  1781 | D:3      | Found a stormy altar of Qazlal.
  1785 | D:3      | Noticed an earth elemental
  1785 | D:3      | Noticed an air elemental
  1785 | D:3      | Noticed a fire elemental
  2103 | D:3      | Reached XP level 5. HP: 34/34 MP: 5/5
  2262 | D:4      | Reached skill level 8 in Stealth
  2410 | D:4      | Noticed a phantom
  2573 | D:4      | Noticed Menkaure
  2614 | D:4      | Noticed Edmund
  2626 | D:5      | Entered Level 5 of the Dungeon
  2627 | D:5      | Slain by an orc wizard

Skill      XL: |  1  2  3  4  5 |
---------------+----------------+-----
Stealth        | 6 7 8 |  8.5
Fighting       | |  2.3
Short Blades   | |  2.6
Throwing       | |  2.4
Dodging        | |  1.3

Action                   |  1- 3 |  4- 6 || total
-------------------------+-------+-------++-------
Melee: Dagger            |    52 |    36 ||    88
       Constrict         |     8 |     8 ||    16
       Tentacles         |     5 |     5 ||    10
 Fire: Blowgun           |    12 |    16 ||    28
  Use: Scroll            |     8 |     3 ||    11
       Potion            |       |     2 ||     2
 Stab: Sleeping          |    14 |     9 ||    23
  Eat: Chunk             |     1 |       ||     1
       Ration            |       |     2 ||     2
Armor: Skin              |     2 |     1 ||     3
Dodge: Dodged            |    21 |    17 ||    38
